 Dungeon Crawl Stone Soup version 0.29-a0-1016-g236c7fd91e (webtiles) character file.

Game seed: 9326153171844150119

116 miscthings the Chopper (level 5, -4/45 HPs)
             Began as a Meteoran Fighter on Aug 9, 2022.
             Slain by Robin
             ... wielding a +0 mace
              (5 damage)
             ... on level 3 of the Dungeon.
             The game lasted 00:03:31 (1224 turns).

miscthings the Chopper (Meteoran Fighter)           Turns: 1224, Time: 00:03:31

Health: -4/45      AC:  6    Str: 17    XL:     5   Next: 45%
Magic:  6/6        EV:  9    Int: 10    God:
Gold:   80         SH:  5    Dex: 15    Spells: 4/4 levels left

rFire   . . .      SeeInvis .   h - +0 hand axe
rCold   . . .      Faith    .   c - +0 buckler
rNeg    . . .      Spirit   .   b - +0 scale mail
rPois   .          Reflect  .   (no helmet)
rElec   .          Harm     .   r - scarf {repulsion}
rCorr   +          Rampage  .   (no gloves)
Will    +....                   (no boots)
Stlth   ..........              (no amulet)
HPRegen 0.15/turn               l - ring of willpower
MPRegen 0.10/turn               w - ring of resist corrosion

@: glowing, repel missiles
A: sense surroundings 1, otherworldly, glowing, explore regen
a: no special abilities


You were on level 3 of the Dungeon.
You visited 1 branch of the dungeon, and saw 4 of its levels.

You collected 80 gold pieces.

Inventory:

Hand Weapons
 a - a +0 war axe
 h - a +0 hand axe (weapon)
 v - a +3 whip
Armour
 b - a +0 scale mail (worn)
 c - a +0 buckler (worn)
 o - a +0 scale mail of poison resistance
 r - a scarf of repulsion (worn)
Jewellery
 l - a ring of willpower (left hand)
 w - a ring of resist corrosion (right hand)
Wands
 m - a wand of polymorph (2)
Scrolls
 e - 2 scrolls of fog {unknown}
 g - 6 scrolls of identify {unknown}
 i - a scroll of immolation {unknown}
 k - a scroll of enchant weapon {unknown}
 q - 2 scrolls of teleportation {unknown}
Potions
 d - a potion of might
 f - a potion of curing
 j - a potion of heal wounds {unknown}
 n - 2 potions of attraction {unknown}
 p - a potion of flight {unknown}
 s - 2 potions of mutation {unknown}
 t - 3 potions of lignification {unknown}
 u - a potion of brilliance {unknown}


   Skills:
 - Level 3.2 Fighting
 + Level 6.0 Axes
 - Level 3.6 Armour
 - Level 3.6 Shields


You had 4 spell levels left.
You didn't know any spells.
Your spell library contained the following spells:

 Spells                   Type           Power      Damage    Failure   Level
 Beastly Appendage        Tmut           0%         N/A       86%         1
 Sandblast                Erth           0%         2d4       86%         1
 Summon Small Mammal      Summ           0%         N/A       86%         1
 Summon Lightning Spire   Summ/Air       0%         N/A       100%        4
 Storm Form               Tmut/Air       0%         N/A       100%        7
 Maxwell's Capacitive Co  Air            0%         ∞         100%        8


Dungeon Overview and Level Annotations

Branches:
Dungeon (4/15) Zot: 1175
 Temple: D:4-7

Altars:
Hepliaklqana
Zin

Annotations:
D:3 Robin


Innate Abilities, Weirdness & Mutations

You passively map a small area around you.
You are easily found by Zot.
You glow in the dark.
You regain HP and MP as you explore.


Message History

Robin drinks a potion.
Robin is healed!
Robin throws the goblin at you! You block the goblin's attack.
You hit the goblin.
You kill the goblin!
You barely miss the hobgoblin. The hobgoblin barely misses you.
You barely miss the hobgoblin. The hobgoblin barely misses you.
You hit the hobgoblin.
The hobgoblin is severely wounded.
The hobgoblin no longer looks unusually strong.
You block the hobgoblin's attack.
You slash the hobgoblin!
You kill the hobgoblin!
You hit Robin.
Robin is moderately wounded.
Robin says, "A pitiful Meteoran like you will never find the ORB!"
Robin hits you with a +0 mace.
* * * LOW HITPOINT WARNING * * *
You hit Robin.
Robin is heavily wounded.
Robin hits you with a +0 mace.
* * * LOW HITPOINT WARNING * * *
You hit Robin but do no damage.
Robin is heavily wounded.
Robin says, "Feeling lonely?"
Robin hits you with a +0 mace.
* * * LOW HITPOINT WARNING * * *
You hit Robin.
Robin is almost dead.
Robin hits you but does no damage.
You feel better. Robin barely misses you.
You hit Robin but do no damage.
Robin is severely wounded.
Robin hits you with a +0 mace.
* * * LOW HITPOINT WARNING * * *
You hit Robin.
Robin is almost dead.
Robin hits you with a +0 mace!
* * * LOW HITPOINT WARNING * * *
Robin attacks as you move away! Robin hits you with a +0 mace.
You die...

, #.# # ,.#.. #.# #
, ≈.....** #.# # ,
....≈.. #.##### ,
.≈.....*
#####.#...#
...#.#.###
######..........
#........#
#......#####...#
..≈...≈..###......#
##...#
....#..†Kg@.......#
#..... ,
..≈...≈).###......#
#.....
#.....)††#*#......#
#.....
...#.#†.).####.##.#
##.#.# ≈.....#..#
#.##.####.###.
*,...≈.##..#
#.##......# ##
.≈.... ...#
#.#####...# # ,
...#.# ...# #.#
#...# ## #.... ...#
#.# ##..###.


You could see Robin and a kobold.

Vanquished Creatures
  Terence (D:2)
  2 adders
  2 worms
  A dart slug (D:1)
  An orc (D:3)
  4 ball pythons
  6 bats
  3 endoplasms
  A giant cockroach (D:4)
  9 goblins
  12 hobgoblins
  3 jackals (D:1)
  6 kobolds
  5 quokkas
  A frilled lizard (D:3)
57 creatures vanquished.

Notes
Turn   | Place    | Note
-------+----------+-------------------------------------------
     0 | D:1      | miscthings the Meteoran Fighter began the quest for the
                  | Orb.
     0 | D:1      | Reached XP level 1. HP: 19/19 MP: 2/2
    16 | D:1      | Reached skill level 3 in Axes
    16 | D:1      | Reached XP level 2. HP: 26/26 MP: 3/3
   104 | D:1      | Reached XP level 3. HP: 25/31 MP: 4/4
   133 | D:1      | Found a faded altar of an unknown god.
   234 | D:1      | Reached skill level 4 in Axes
   470 | D:2      | Noticed Terence
   539 | D:2      | Killed Terence
   540 | D:2      | Reached skill level 5 in Axes
   540 | D:2      | Reached XP level 4. HP: 38/38 MP: 5/5
   596 | D:2      | Found a hazy altar of Hepliaklqana.
   884 | D:4      | Found a glowing silver altar of Zin.
   960 | D:4      | Reached XP level 5. HP: 45/45 MP: 6/6
   969 | D:4      | Got Juzy's Introduction to Spellcasting
  1199 | D:3      | Noticed Robin
  1204 | D:3      | Reached skill level 6 in Axes
  1223 | D:3      | HP: 1/45 [Robin/+0 mace (7)]
  1224 | D:3      | Slain by Robin

Illustrated notes

Levels and vault maps discovered:
D:1:      wander_arrival_lonely_grave, layout_rooms,
          chequers_ecumenical_altar_island, minmay_misc_feat_encased
D:2:      layout_basic, basic_altar, dk_vineyard_2, uniq_terence
D:3:      layout_loops_ring, old_standard_altar,
          nicolae_kite_square_tiling_tiny, kennysheep_generic_room_13,
          uniq_grinder, uniq_sigmund, uniq_robin
D:4:      minmay_spotlight, layout_cave_pools,
          mainiacjoe_overflow_concentric_impassable, minmay_temple_entry_wispy,
          serial_bayou_pond_c

Skill      XL: |  1  2  3  4  5 |
---------------+----------------+-----
Axes           | 3 5 6 |  6.0
Fighting       | |  3.2
Armour         | |  3.6
Shields        | |  3.6

Action                   |  1- 3 |  4- 6 || total
-------------------------+-------+-------++-------
Melee: War axe           |    27 |       ||    27
       Hand axe          |    42 |    89 ||   131
       Unarmed           |     2 |     1 ||     3
  Use: Potion            |       |     1 ||     1
Armor: Scale mail        |    34 |    50 ||    84
       Skin              |     4 |       ||     4
Dodge: Dodged            |    34 |    26 ||    60
Block: Buckler           |    25 |    27 ||    52

Table legend: (Time is in decaauts)
 A = Elapsed time spent in this place.
 B = Non-inter-level travel time spent in this place.
 C = Inter-level travel time spent in this place.
 D = Time resting spent in this place.
 E = Time spent auto-exploring this place.
 F = Levels seen in this place.
 G = Mean time per level.
                   A        B        C        D        E       F      G
               +--------+--------+--------+--------+--------+-----+--------+
         Total |   1224 |   1128 |     96 |     15 |    538 |   4 |  306.0 |
       Dungeon |   1224 |   1128 |     96 |     15 |    538 |   4 |  306.0 |
               +--------+--------+--------+--------+--------+-----+--------+

Top non-repeatable levels by time:
     D:1: 411 daAuts
     D:2: 408 daAuts
     D:3: 298 daAuts
     D:4: 105 daAuts
